 Dungeon Crawl Stone Soup version 0.17.0-9-g801d43b (webtiles) character file.

139 JudasIscariot the Ducker (level 5, -13/53 HPs)
             Began as a Troll Fighter on Nov 10, 2015.
             Killed from afar by an orc (31 damage)
             ... with an exploding inner flame
             ... hexed by the player character
             ... on level 3 of the Dungeon.
             The game lasted 00:06:41 (1580 turns).

JudasIscariot the Ducker (Troll Fighter)            Turns: 1580, Time: 00:06:42

Health: -13/53     AC:  5    Str: 25    XL:     5   Next: 1%
Magic:  4/4        EV:  8    Int:  7    God:
Gold:   72         SH:  9    Dex:  9    Spells: 0 memorised, 4 levels left

rFire  . . .     SeeInvis .     a - +0 flail
rCold  . . .     Clarity  .     b - +0 robe
rNeg   . . .     SustAt   .     c - +0 shield
rPois  .         Gourm    +     (helmet restricted)
rElec  .         Spirit   .     (no cloak)
rCorr  .         Warding  .     (gloves unavailable)
rMut   .         Rnd*Tele +     (boots unavailable)
MR     .....                    (no amulet)
Stlth  +.........               u - ring of teleportation
                                m - +3 ring of intelligence

@: not resistant to hostile enchantments, very unstealthy
A: unfitting armour, claws 3, fast metabolism 3, gourmand, regeneration 2,
shaggy fur 1, tough skin 2
a: Evoke Teleportation


You were on level 3 of the Dungeon.
You were completely stuffed.

You visited 1 branch of the dungeon, and saw 3 of its levels.

You collected 72 gold pieces.

Inventory:

Hand Weapons
 a - a +0 flail (weapon)
 k - a +0 whip
Armour
 b - a +0 robe (worn)
 c - a +0 shield (worn)
Jewellery
 m - a +3 ring of intelligence (left claw)
 u - a ring of teleportation (right claw)
Wands
 s - a wand of slowing (22)
Scrolls
 i - a scroll of blinking {unknown}
 l - 6 scrolls of identify {unknown}
 o - a scroll of magic mapping {unknown}
Potions
 d - a potion of might
 f - a potion of heal wounds {unknown}
 h - a potion of curing {unknown}
 j - 2 potions of agility {unknown}
 n - a potion of flight {unknown}
 p - a potion of magic {unknown}
 q - a potion of lignification {unknown}
Comestibles
 e - 2 bread rations
 t - 5 fruits


   Skills:
 * Level 3.0 Fighting
 * Level 2.5 Maces & Flails
 * Level 3.6 Dodging
 + Level 0.2 Stealth
 + Level 2.8 Shields


You had 4 spell levels left.
You didn't know any spells.

Dungeon Overview and Level Annotations

Branches:
Dungeon (3/15)

Altars:


Innate Abilities, Weirdness & Mutations

You are too large for most types of armour.
You have claws for hands.
Your metabolism is lightning-fast.
You like to eat raw meat.
You heal very quickly.
You are covered in fur (AC +1).
You have very tough skin (AC +2).


Message History

You hit the goblin.
You kill the goblin!
You have reached level 5!
You block the hobgoblin's attack. The orc hits you but does no damage.
You closely miss the hobgoblin.
The hobgoblin is severely wounded.
The hobgoblin barely misses you. The orc hits you with a flail!
The hobgoblin barely misses you.
You hit the hobgoblin.
You kill the hobgoblin!
The orc hits you but does no damage. You block the giant newt's attack.
Read which item? (? for menu, Esc to quit)
As you read the scroll of immolation, it crumbles to dust.
The creatures around you are filled with an inner flame!
The orc hits you but does no damage. The giant newt barely misses you.
You sock the orc!
The orc explodes!
The fiery explosion engulfs you!
Ouch! That really hurt!
You die...

#........>...!......
#............#.#.l..
#............#... ..
#.............##...
###.#.##....#[.##...
#####.#o...#####..#...
#...o.##..## ......
#.###l##..... .... .
#@##.##### .# #§##.#
#§##.# #....# ...og.
.... .... ##..##


You could see an orc (inner flame) and a giant newt (inner flame).

Vanquished Creatures
  Natasha (D:3)
  The ghost of M4edhros the Charlatan, a weakling OpAr (D:3)
  2 adders (D:2)
  2 oozes (D:1)
  2 worms (D:2)
  3 giant geckos (D:1)
  2 orcs (D:3)
  6 bats
  A giant cockroach (D:1)
  4 goblins
  10 hobgoblins
  9 jackals
  3 kobolds
  A quokka (D:2)
  3 ball pythons (D:1)
  5 giant newts
  9 rats
64 creatures vanquished.

Notes
Turn   | Place    | Note
--------------------------------------------------------------
     0 | D:1      | JudasIscariot the Troll Fighter began the quest for the Orb.
     0 | D:1      | Reached XP level 1. HP: 22/22 MP: 0/0
    84 | D:1      | Reached XP level 2. HP: 27/29 MP: 1/1
   283 | D:1      | Reached XP level 3. HP: 34/36 MP: 2/2
   767 | D:2      | Reached skill level 3 in Dodging
   924 | D:2      | Reached XP level 4. HP: 44/44 MP: 3/3
  1459 | D:3      | Noticed M4edhros's ghost (weakling OpAr)
  1466 | D:3      | Noticed Natasha
  1468 | D:3      | Killed M4edhros's ghost
  1523 | D:3      | Killed Natasha
  1576 | D:3      | Reached XP level 5. HP: 22/53 MP: 4/4
  1580 | D:3      | Killed from afar by an orc

Action                   |  1- 3 |  4- 6 || total
-------------------------+-------+-------++-------
Melee: Flail             |   126 |    74 ||   200
  Use: Scroll            |       |     4 ||     4
  Eat: Chunk             |    14 |     7 ||    21
